 Dungeon Crawl Stone Soup version 0.23-a0-143-g1adec7b (webtiles) character file.

10 corax the Charlatan (level 2, -1/14 HPs)
             Began as a Spriggan Artificer on Sept 1, 2018.
             Slain by a kobold
             ... wielding a +1 short sword of flaming
              (2 damage)
             ... on level 1 of the Dungeon.
             The game lasted 00:00:58 (183 turns).

corax the Charlatan (Spriggan Artificer)             Turns: 183, Time: 00:00:58

Health: -1/14      AC:  2    Str:  8    XL:     2   Next: 10%
Magic:  6/6        EV: 18    Int: 12    God:
Gold:   10         SH:  0    Dex: 16    Spells: 2/2 levels left

rFire    . . .     SeeInvis +   a - +0 short sword
rCold    . . .     Gourm    .   (shield restricted)
rNeg     . . .     Faith    .   b - +0 robe
rPois    .         Spirit   .   (helmet restricted)
rElec    .         Reflect  .   (no cloak)
rCorr    .         Harm     .   (gloves unavailable)
MR       .....                  (boots unavailable)
Stlth    ++........             (no amulet)
HPRegen  0.04/turn              (no ring)
MPRegen  0.10/turn              (no ring)

@: very quick
A: very small, unfitting armour, see invisible, herbivore, speed 3, slow
metabolism 2
a: no special abilities


You were on level 1 of the Dungeon.
You were not hungry.

You visited 1 branch of the dungeon, and saw 1 of its levels.

You collected 10 gold pieces.

Inventory:

Hand Weapons
 a - a +0 short sword (weapon)
Armour
 b - a +0 robe (worn)
Wands
 c - a wand of flame (15)
 d - a wand of enslavement (15)
 e - a wand of random effects (15)
Scrolls
 h - 2 scrolls of amnesia {unknown}
Potions
 g - a potion of curing {unknown}
Comestibles
 f - a ration


   Skills:
 + Level 1.0 Fighting
 + Level 1.3 Short Blades
 + Level 0.0 Throwing
 + Level 3.2 Dodging
 + Level 2.1 Stealth
 + Level 0.5 Spellcasting
 + Level 4.1 Evocations


You had 2 spell levels left.
You didn't know any spells.
Your spell library was empty.

Dungeon Overview and Level Annotations

Branches:
Dungeon (1/15)

Altars:


Innate Abilities, Weirdness & Mutations

You are very small and have problems with some larger weapons.
You are too small for most types of armour.
You have supernaturally acute eyesight. (SInv)
You are a herbivore.
You cover ground extremely quickly.
You need to consume almost no food.


Message History

* * * LOW HITPOINT WARNING * * *
You hit the hobgoblin but do no damage.
The hobgoblin is almost dead.
Unknown command.
Found a throwing net.
You see here a throwing net.
A kobold comes into view.
It is wielding a short sword of flaming.
The kobold shouts!
You hit the kobold.
The kobold is moderately wounded.
The kobold closely misses you.
You closely miss the kobold.
The kobold is moderately wounded.
The kobold hits you but does no damage.
You hit the kobold but do no damage.
The kobold is moderately wounded.
The kobold hits you with a short sword of flaming.
* * * LOW HITPOINT WARNING * * *
The kobold burns you.
You die...

##...##...##...##....#......P.†
##..8..##+##..8..##...###.###...
##.................##..###.# ##.#
#...................##.#...# #.#
###.##.#.#.########........# #.#
#.##.#.#.### ######...# #.#
###.##.#.#.#.. .........# #.#
....#.#......############.#####.#
.....# #.....l.K@............>..#
....## ##..#########.............
.....###.#.# #..###†###.###
......#.##.####### #..# #.# #.#
............lg.g.# #..# #.# #.#
...###..########.# #..# #.# #.#
...(....# #g# #(.# #.# #.#
...###.## #.# #g.# #.# #.# ####
#.# #g###..# #.# #.#


You could see a leopard gecko and a kobold.

Vanquished Creatures
  An ooze (D:1)
  A leopard gecko (D:1)
  A giant cockroach (D:1)
  A goblin (D:1)
  A bat (D:1)
5 creatures vanquished.

Notes
Turn   | Place    | Note
-------+----------+-------------------------------------------
     0 | D:1      | corax the Spriggan Artificer began the quest for the Orb.
     0 | D:1      | Reached XP level 1. HP: 9/9 MP: 4/4
    61 | D:1      | Reached skill level 1 in Fighting
    91 | D:1      | Reached XP level 2. HP: 14/14 MP: 6/6
   183 | D:1      | Slain by a kobold

Vault maps used:
D:1:      giann_horns, minmay_misc_feat_alley, minmay_stone_trees_medium,
          serial_bayou_pond_a, palyth_stone_intersect, evilmike_ruin_ashenzari

Skill      XL: |  1 |
---------------+----+-----
Fighting       | 1 |  1.0
Stealth        | 2 |  2.1
Short Blades   | |  1.3
Dodging        | |  3.2
Spellcasting   | |  0.5
Evocations     | |  4.1

Action                   || total
-------------------------++-------
Melee: Short sword       ||    27
 Stab: Sleeping          ||     1
Armor: Robe              ||     2
Dodge: Dodged            ||    18

Table legend:
 A = Non-vault XP
 B = Vault XP
 C = Vault XP percentage of total XP
 D = Non-vault monster count
 E = Vault monster count
 F = Vault count percentage of total count
                 A         B        C        D         E       F
            +---------+---------+-------+---------+---------+-------
      Total |      15 |       0 |   0.0 |       5 |       0 |   0.0
            +---------+---------+-------+---------+---------+-------
        D:1 |      15 |       0 |   0.0 |       5 |       0 |   0.0
            +---------+---------+-------+---------+---------+-------
